 Dungeon Crawl Stone Soup version 0.22-a0-480-g991dd4b (webtiles) character file.

395 Laiders72 the Skirmisher (level 7, 0/56 HPs)
             Began as a Formicid Fighter on June 15, 2018.
             Was an Initiate of the Shining One.
             Slain by Pikel
             ... wielding a +1 whip of freezing
              (3 damage)
             ... on level 4 of the Dungeon.
             The game lasted 00:08:16 (3158 turns).

Laiders72 the Skirmisher (Formicid Fighter)         Turns: 3158, Time: 00:08:18

Health: 0/56       AC: 15    Str: 27    XL:     7   Next: 9%
Magic:  7/7        EV:  9    Int:  7    God:    the Shining One [......]
Gold:   133        SH: 10    Dex: 11    Spells: 6/6 levels left

rFire    . . .     SeeInvis +   a - +0 flail
rCold    + . .     Gourm    .   c - +0 shield
rNeg     . . .     Faith    .   v - +2 plate armour {rC+}
rPois    .         Spirit   .   (helmet unavailable)
rElec    .         Reflect  .   m - +0 cloak
rCorr    .         Harm     .   (no gloves)
MR       .....                  (no boots)
Stlth    ..........             (no amulet)
HPRegen  0.18/turn              r - +3 ring of evasion
MPRegen  0.10/turn              (no ring)

@: mighty, very slightly contaminated, glowing, invisible (but backlit and
visible)
A: permanent stasis, dig shafts and tunnels, four strong arms, antennae 3
a: Dig, Shaft Self, Renounce Religion


You were on level 4 of the Dungeon.
You worshipped the Shining One.
The Shining One was noncommittal.
You were hungry.

You visited 1 branch of the dungeon, and saw 4 of its levels.

You collected 133 gold pieces.

Inventory:

Hand Weapons
 a - a +0 flail (weapon)
Missiles
 i - 4 tomahawks (quivered)
Armour
 c - a +0 shield (worn)
 m - a +0 cloak (worn)
 v - a +2 plate armour of cold resistance (worn)
Jewellery
 r - a +3 ring of evasion (left hand)
Wands
 n - a wand of enslavement (9)
 s - a wand of iceblast (10)
Scrolls
 h - a scroll of immolation {unknown}
 l - a scroll of fog {unknown}
 o - 5 scrolls of remove curse
 p - a scroll of enchant weapon {unknown}
 q - a scroll of magic mapping
Potions
 e - a potion of flight {unknown}
 g - a potion of curing
 k - a potion of brilliance
 u - a potion of haste {unknown}
Comestibles
 f - 7 rations


   Skills:
 * Level 5.3 Fighting
 * Level 4.3 Maces & Flails
 + Level 4.4 Armour
 + Level 4.9 Shields


You had 6 spell levels left.
You didn't know any spells.
Your spell library was empty.

Dungeon Overview and Level Annotations

Branches:
Dungeon (4/15)
 Temple: D:4-7

Altars:
Makhleb
Yredelemnul
The Shining One

Annotations:
D:4 Pikel


Innate Abilities, Weirdness & Mutations

You cannot be hasted, slowed, berserked, paralysed or teleported.
You can dig through walls and to a lower floor.
Your four strong arms can wield two-handed weapons with a shield.
You have a pair of large antennae on your head. (SInv)


Message History

You hit Pikel but do no damage.
Pikel is heavily wounded.
You block Pikel's attack. The slave hits you but does no damage.
You block the slave's attack. Pikel hits you with a whip of freezing.
* * * LOW HITPOINT WARNING * * *
Pikel freezes you.
* * * LOW HITPOINT WARNING * * *
You block the slave's attack. x2
It was a potion of invisibility.
You become transparent, but the glow from your halo prevents you from becoming completely invisible.
Pikel hits you but does no damage. You block the slave's attack.
The slave barely misses you. You block the slave's attack.
You are very lightly contaminated with residual magic.
Your shield and plate armour prevent you from hitting Pikel.
Pikel is heavily wounded.
Pikel hits you but does no damage. The slave barely misses you.
Pikel hits you with a whip of freezing!
* * * LOW HITPOINT WARNING * * *
Pikel freezes you.
You die...

,* #.#.##.###.#.≈≈≈§≈≈≈≈≈≈≈.≈≈.
,* *#.#.##.# *.#≈≈≈≈≈≈§≈≈≈≈≈≈≈!.
,****....##.# *,#≈≈≈≈≈≈§≈≈≈≈≈≈...
,,,,,...###.# *,*.≈≈≈≈≈≈≈≈≈≈≈....
,**,,...***.#**,,...≈≈≈≈≈≈≈≈.....
*,,,,,..,,,,..#**......≈≈≈≈§§....
*,*,*,*,****#.# *.......≈≈≈§.....
*,*,*,*,* #.###K........≈......
*,*,#.#,* #.#.@pp.......≈.....#
*,*,#.#.###*#.#p#p...............
*,*,,......*#.#.#######.####..###
*,*,**#.##.##.#.# #......## *,*,*
#.........# ######.#
*,*,**#.....#.### #.#
*,,,,*##......# #.#
******,###..### ###### #.#
**,*,*#..#####....#######.#


You could see Pikel (berserk) and 4 slaves.

Vanquished Creatures
  A scorpion (D:4)
  A hound (D:4)
  An orc wizard (D:4)
  Jessica (D:2)
  A worker ant (D:4)
  Natasha (thrice) (D:3)
  6 adders
  An ooze (D:1)
  5 worms
  A dart slug (D:2)
  A leopard gecko (D:2)
  12 orcs
  A ball python (D:2)
  6 giant cockroaches
  7 goblins
  8 hobgoblins
  3 jackals (D:3)
  2 quokkas (D:3)
  9 bats
  6 frilled lizards
  4 kobolds
  6 rats
86 creatures vanquished.

Notes
Turn   | Place    | Note
-------+----------+-------------------------------------------
     0 | D:1      | Laiders72 the Formicid Fighter began the quest for the Orb.
     0 | D:1      | Reached XP level 1. HP: 18/18 MP: 1/1
   155 | D:1      | Reached XP level 2. HP: 18/24 MP: 2/2
   374 | D:1      | Reached XP level 3. HP: 28/30 MP: 3/3
  1226 | D:2      | Reached skill level 4 in Fighting
  1226 | D:2      | Reached XP level 4. HP: 31/37 MP: 4/4
  1373 | D:2      | Noticed Jessica
  1377 | D:2      | Killed Jessica
  1377 | D:2      | Reached XP level 5. HP: 42/42 MP: 5/5
  1951 | D:3      | Noticed Natasha
  1957 | D:3      | Killed Natasha
  2023 | D:3      | Noticed Natasha
  2033 | D:3      | Killed Natasha
  2033 | D:3      | Reached XP level 6. HP: 36/49 MP: 6/6
  2055 | D:3      | Noticed Natasha
  2069 | D:3      | Killed Natasha
  2406 | D:3      | Found a glowing golden altar of the Shining One.
  2411 | D:3      | Found a basalt altar of Yredelemnul.
  2415 | D:3      | Noticed an angel
  2420 | D:3      | Became a worshipper of the Shining One
  2430 | D:3      | Noticed a profane servitor
  2491 | D:3      | Found a burning altar of Makhleb.
  2532 | D:3      | Reached skill level 5 in Fighting
  3122 | D:4      | Reached XP level 7. HP: 56/56 MP: 7/7
  3143 | D:4      | Noticed Pikel
  3158 | D:4      | Slain by Pikel

Vault maps used:
D:1:      ncdulo_wetmaze, minmay_misc_feat_four_crosses, minmay_distorted
D:2:      minmay_heptomino_o4, uniq_jessica
D:3:      lemuel_doored_altar, grunt_temple_overflow_holy_war, first_ration,
          uniq_natasha
D:4:      nicolae_overflow_crystal_walls, amethyst_killhole,
          lemuel_old_faithful, uniq_pikel

Skill      XL: |  1  2  3  4  5  6 |
---------------+-------------------+-----
Shields        | 4 |  4.9
Fighting       | 4 5 |  5.3
Maces & Flails | 3 4 |  4.3
Armour         | 4 |  4.4

Action                   |  1- 3 |  4- 6 |  7- 9 || total
-------------------------+-------+-------+-------++-------
Melee: Flail             |    99 |   212 |    11 ||   322
  Use: Scroll            |       |     6 |       ||     6
       Potion            |       |       |     2 ||     2
  Eat: Chunk             |     1 |     6 |       ||     7
Armor: Scale mail        |    39 |    65 |       ||   104
       Plate armour      |       |    50 |    18 ||    68
Dodge: Dodged            |    29 |    84 |    12 ||   125
Block: Shield            |    53 |   133 |    19 ||   205

Table legend:
 A = Spawn XP
 B = Non-spawn XP
 C = Spawn XP percentage of total XP
 D = Spawn monster count
 E = Non-spawn monster count
 F = Spawn count percentage of total count
 G = Total turns spent on level
                    A         B        C        D         E        F      G
               +---------+---------+-------+---------+---------+-------+---------
         Total |       0 |     565 |   0.0 |       0 |      86 |   0.0 |  3158
               +---------+---------+-------+---------+---------+-------+---------
           D:1 |       0 |      38 |   0.0 |       0 |      22 |   0.0 |   788
           D:2 |       0 |     117 |   0.0 |       0 |      23 |   0.0 |   878
           D:3 |       0 |     191 |   0.0 |       0 |      28 |   0.0 |  1146
           D:4 |       0 |     219 |   0.0 |       0 |      13 |   0.0 |   346
               +---------+---------+-------+---------+---------+-------+---------
